 Dungeon Crawl Stone Soup version 0.21-a0-133-gf55ed5b (webtiles) character file.

21141 Duffy the Severer (level 12, -4/127 HPs)
             Began as a Deep Dwarf Gladiator on July 17, 2017.
             Was a High Priest of Makhleb.
             Slain by a hellwing (7 damage)
             ... summoned by an orc sorcerer
             ... on level 1 of the Orcish Mines.
             The game lasted 00:17:30 (11731 turns).

Duffy the Severer (Deep Dwarf Gladiator)           Turns: 11731, Time: 00:17:30

Health: -4/127     AC: 24    Str: 29    XL:     12   Next: 51%
Magic:  3/3        EV: 13    Int: 11    God:    Makhleb [*****.]
Gold:   161        SH:  0    Dex: 20    Spells: 9/11 levels left

rFire    + . .     SeeInvis .   l - +8 arbalest "Kutosim" {speed, Fragile rElec Str+8}
rCold    . . .     Gourm    .   (shield currently unavailable)
rNeg     . . .     Faith    .   n - +5 ring mail "Uluv" {Dex+4}
rPois    .         Spirit   .   I - +1 hat
rElec    +         Reflect  .   P - +0 cloak
rCorr    .         Harm     .   x - +2 pair of gloves
MR       ++...                  h - +0 pair of boots
Stlth    +.........             (no amulet)
HPRegen  0.00/turn              C - ring of protection from magic
MPRegen  0.08/turn              N - ring of protection from fire

@: non-regenerating, heavily drained
A: damage resistance, heal wounds, beak, iridescent scales 1, yellow scales 2,
agile 1, low mp 2, sense surroundings 3, robust 1, evolution 2, no regeneration
a: Heal Wounds, Minor Destruction, Lesser Servant of Makhleb, Major Destruction,
Greater Servant of Makhleb, Renounce Religion


You were on level 1 of the Orcish Mines.
You worshipped Makhleb.
Makhleb was extremely pleased with you.
You were not hungry.

You visited 4 branches of the dungeon, and saw 14 of its levels.
You also visited: Sewer.

You collected 630 gold pieces.
You spent 469 gold pieces at shops.

Inventory:

Hand Weapons
 l - the +8 arbalest "Kutosim" (weapon) {speed, Fragile rElec Str+8}
   (You found it on level 1 of the Lair of Beasts)

   Attacks with this weapon are significantly faster.
   It affects your strength (+8).
   It insulates you from electricity.
   It will be destroyed if unequipped.
 U - the +2 battleaxe "Impbane" {vamp, Int+4 Dex+3 SInv}
   (You bought it in a shop on level 5 of the Dungeon)

   It inflicts no extra harm, but heals its wielder when it wounds a living foe.
   It affects your intelligence (+4).
   It affects your dexterity (+3).
   It lets you see invisible.
Missiles
 d - 6 throwing nets
 Z - 97 bolts (quivered)
Armour
 h - a +0 pair of boots (worn)
 n - the +5 ring mail "Uluv" (worn) {Dex+4}
   (You found it on level 1 of the Lair of Beasts)

   It affects your dexterity (+4).
 x - a +2 pair of gloves (worn)
 I - a +1 hat (worn)
 P - a +0 cloak (worn)
Jewellery
 C - a ring of protection from magic (left hand)
 N - a ring of protection from fire (right hand)
Wands
 a - a wand of digging (8/24)
 k - a wand of iceblast (4/15)
 o - a wand of random effects (35/48)
 A - a wand of lightning (5/15)
 H - a wand of paralysis (15/24)
 L - a wand of polymorph (10/24)
 O - a wand of scattershot (3/9)
 R - a wand of flame (20/48)
 S - a wand of lightning (4/15)
 T - a wand of iceblast (5/15)
 Y - a wand of paralysis (9/24)
Scrolls
 b - 4 scrolls of teleportation {unknown}
 i - a scroll of summoning {unknown}
 q - 2 scrolls of enchant weapon {unknown}
 r - 8 scrolls of enchant armour {unknown}
 t - 5 scrolls of remove curse
 w - 3 scrolls of recharging {unknown}
 y - a scroll of random uselessness {unknown}
 z - a scroll of blinking {unknown}
 B - 3 scrolls of fear {unknown}
 D - 2 scrolls of immolation {unknown}
 E - 2 scrolls of noise {unknown}
 J - 3 scrolls of magic mapping {unknown}
 K - a scroll of fog {unknown}
 Q - 3 scrolls of amnesia {unknown}
 V - a scroll of silence {unknown}
 W - a scroll of identify
Potions
 g - 3 potions of ambrosia
 j - a potion of might
 p - 4 potions of heal wounds
 s - 2 potions of cancellation
 u - 3 potions of haste
 v - 3 potions of flight
 G - 2 potions of resistance
 X - a potion of lignification {unknown}
Comestibles
 c - 16 chunks of flesh
 f - 7 bread rations
 m - 15 fruits
 F - 10 meat rations


   Skills:
 - Level 9.7(8.0) Fighting
 - Level 15.0(13.1) Axes
 + Level 6.2(4.7) Crossbows
 - Level 1.7(0.3) Throwing
 - Level 10.8(9.0) Armour
 - Level 4.0(2.5) Dodging


You had 9 spell levels left.
You knew the following spells:

 Your Spells              Type           Power        Failure   Level  Hunger
a - Animate Skeleton      Necr           N/A          43%         1    ##.....
b - Apportation           Tloc           #.....       43%         1    ##.....


Dungeon Overview and Level Annotations

Branches:
Dungeon (11/15)            Temple (1/1) D:6            Lair (1/6) D:9
    Orc (1/2) D:11

Altars:
Ashenzari
Cheibriados
Dithmenos
Elyvilon
Fedhas
Gozag
Hepliaklqana
Kikubaaqudgha
Makhleb
Nemelex Xobeh
Okawaru
Qazlal
Ru
Sif Muna
Trog
Uskayaw
Vehumet
Wu Jian
Xom
Yredelemnul
Zin
The Shining One

Shops:
D:4 :   D:5 }=(::   D:11 *

Portals:
Trove: D:11 (give book of Annihilations)


Innate Abilities, Weirdness & Mutations

You are resistant to damage.
You can heal yourself by infusing magical energy.
You passively map a large area around you.
You do not regenerate.
You have a beak for a mouth.
You are partially covered in iridescent scales. (AC +2)
You are mostly covered in yellow scales. (AC +3)
You are agile. (Dex +2)
Your magical capacity is very low. (-20% MP)
You are robust. (+10% HP)
You rapidly evolve.


Message History

The orc barely misses you. The ynoxinul barely misses you.
An orc wizard comes into view. It is wielding a dagger.
Firing (i - inventory. (,) - cycle):
Z - 99 bolts (quivered)
Press: ? - help, Shift-Dir - straight line, f - ynoxinul
Aim: a ynoxinul (summoned)
You shoot a bolt.
The bolt hits the hellwing but does no damage.
The hellwing is heavily wounded.
The hellwing hits you. The hellwing misses you.
The ynoxinul gestures.
The orc misses you.
Firing (i - inventory. (,) - cycle):
Z - 98 bolts (quivered)
Press: ? - help, Shift-Dir - straight line, f - ynoxinul
Aim: a ynoxinul (summoned)
You shoot a bolt. The bolt hits the hellwing!!
The hellwing is almost dead.
The orc wizard no longer looks unusually strong.
The orc wizard gestures wildly while chanting.
The orc wizard flickers and vanishes!
The hellwing hits you!
You die...

..###........o......#*
...#.........o.....##
....................##
.........#.o{o.....$.
..........#.{o.#....
...#.......##o##,.. *
#...##....####)##o##
#... #....#...o4#o.##
.#..##...(...553@...#
#...........#5)#..##
#.........#.######
...............##.
..........)........
,...............##.#
.#...#.......##.# .#
.................
.............$..#.


You could see a hellwing, a ynoxinul, an orc sorcerer, 2 orc warriors, an orc
wizard, 2 orcs and 3 ufetubi.

Vanquished Creatures
  Gastronok (D:11)
  An orc warlord (Orc:1)
  Erica (D:8)
  2 two-headed ogres (D:9)
  An orc high priest (Orc:1)
  An orc knight (D:11)
  Pikel (D:7)
  4 ugly things
  3 cyclopes (D:11)
  3 orc sorcerers
  Joseph (D:7)
  Psyche (D:11)
  A komodo dragon (Lair:1)
  2 trolls
  2 hippogriffs
  9 yaks
  A wyvern (D:8)
  Grum (Lair:1)
  2 wargs
  2 water moccasins (Lair:1)
  Duvessa (D:4)
  A swamp drake (D:11)
  8 orc warriors
  4 slaves (D:7)
  3 ice beasts
  3 phantoms
  3 sky beasts
  A necrophage (D:6)
  3 ogres
  8 wolves (Lair:1)
  6 centaurs
  A crocodile (Lair:1)
  A big kobold (D:9)
  6 bullfrogs
  A wyvern zombie (D:11)
  2 scorpions
  Dowan (D:4)
  12 wights
  3 electric eels (Lair:1)
  4 crimson imps
  A quasit (D:9)
  6 hounds
  2 bullfrog zombies
  11 orc priests
  3 iron imps (D:6)
  2 jellies (D:7)
  Crazy Yiuf (D:7)
  3 bullfrog skeletons
  2 centaur skeletons (D:11)
  A centaur zombie (D:5)
  Ijyb (D:5)
  Terence (D:2)
  Natasha (thrice) (D:3)
  5 iguanas
  13 orc wizards
  10 worker ants
  A hound zombie (D:9)
  A worker ant zombie (D:9)
  4 gnolls
  18 adders
  7 shadow imps
  11 oozes
  5 adder skeletons
  5 worms
  3 dart slugs (D:1)
  15 leopard geckos
  67 orcs
  15 giant cockroaches
  9 goblins
  9 hobgoblins
  8 jackals
  A quokka (D:3)
  13 ball pythons
  8 bats
  13 frilled lizards
  A jackal skeleton (D:4)
  14 kobolds
  6 rats
411 creatures vanquished.

Vanquished Creatures (others)
  An orc warrior (D:11)
  A fungus (Lair:1)
2 creatures vanquished.

Grand Total: 413 creatures vanquished

Notes
Turn   | Place    | Note
-------+----------+-------------------------------------------
     0 | D:1      | Duffy the Deep Dwarf Gladiator began the quest for the Orb.
     0 | D:1      | Reached XP level 1. HP: 19/19 MP: 1/1
    38 | D:1      | Reached skill level 4 in Axes
    38 | D:1      | Reached XP level 2. HP: 24/26 MP: 2/2
   464 | D:1      | Reached XP level 3. HP: 22/32 MP: 3/3
   882 | D:1      | Reached skill level 5 in Axes
  1065 | D:2      | Noticed Terence
  1094 | D:2      | Killed Terence
  1094 | D:2      | Reached XP level 4. HP: 21/39 MP: 4/4
  1289 | D:2      | Reached skill level 6 in Axes
  1767 | D:3      | Noticed Natasha
  1772 | D:3      | Killed Natasha
  1772 | D:3      | Reached XP level 5. HP: 20/45 MP: 5/5
  1793 | D:3      | Learned a level 1 spell: Animate Skeleton
  1795 | D:3      | Learned a level 1 spell: Apportation
  1853 | D:3      | Noticed Natasha
  1868 | D:3      | Killed Natasha
  1880 | D:3      | Reached skill level 7 in Axes
  1983 | D:3      | Noticed Natasha
  1991 | D:3      | Killed Natasha
  2000 | D:4      | Found a glowing drain.
  2017 | D:4      | Reached XP level 6. HP: 27/52 MP: 5/5
  2038 | Sewer    | Entered a sewer
  2210 | Sewer    | Reached skill level 8 in Axes
  2379 | Sewer    | Reached XP level 7. HP: 47/58 MP: 5/5
  2527 | D:4      | Noticed Dowan
  2528 | D:4      | Noticed Duvessa
  2543 | D:4      | Killed Dowan
  2543 | D:4      | Reached skill level 9 in Axes
  2560 | D:4      | Killed Duvessa
  2641 | D:4      | Found a hazy altar of Hepliaklqana.
  2874 | D:4      | Found Dossoq's Book Shoppe.
  2938 | D:5      | Entered Level 5 of the Dungeon
  2984 | D:5      | Reached skill level 10 in Axes
  3144 | D:5      | Found Tisch's Book Shoppe.
  3167 | D:5      | Found Risu's Book Boutique.
  3350 | D:5      | Noticed an air elemental
  3353 | D:5      | Found a stormy altar of Qazlal.
  3354 | D:5      | Noticed a fire elemental
  3354 | D:5      | Noticed a water elemental
  3370 | D:5      | Reached XP level 8. HP: 46/66 MP: 5/5
  3449 | D:5      | Found Oploc's Antique Weapon Boutique.
  3483 | D:5      | Found an opulent altar of Gozag.
  3551 | D:5      | Reached skill level 11 in Axes
  3679 | D:5      | Found Qorrah's Jewellery Emporium.
  3696 | D:5      | Noticed Ijyb
  3707 | D:5      | Killed Ijyb
  3771 | D:5      | Found Taqipp's Gadget Shop.
  3854 | D:6      | Found a shimmering altar of Xom.
  3880 | D:6      | Found an iron altar of Okawaru.
  3880 | D:6      | Found a sacrificial altar of Ru.
  4151 | D:6      | Reached skill level 12 in Axes
  4188 | D:6      | Found a staircase to the Ecumenical Temple.
  4195 | Temple   | Entered the Ecumenical Temple
  4564 | D:6      | Found a burning altar of Makhleb.
  4591 | D:6      | Became a worshipper of Makhleb the Destroyer
  4832 | D:6      | Found a snail-covered altar of Cheibriados.
  5306 | D:7      | Gained mutation: You passively map the area around you. [Deep Dwarf growth]
  5306 | D:7      | Reached XP level 9. HP: 51/73 MP: 5/5
  5336 | D:7      | You fall through a shaft for 3 floors!
  5336 | D:10     | Entered Level 10 of the Dungeon
  5355 | D:10     | Reached skill level 13 in Axes
  5448 | D:10     | Reached skill level 14 in Axes
  5495 | D:10     | Gained mutation: You are partially covered in iridescent scales. (AC +2) [mutagenic meat]
  5496 | D:10     | Gained mutation: Your system is resistant to poisons. (rPois) [mutagenic meat]
  5498 | D:10     | Lost mutation: Your system is resistant to poisons. (rPois) [mutagenic meat]
  5499 | D:10     | Gained mutation: You are frail. (-10% HP) [mutagenic meat]
  5500 | D:10     | Gained mutation: You evolve. [mutagenic meat]
  5736 | D:10     | Gained mutation: You rapidly evolve. [mutagenic meat]
  5738 | D:10     | Gained mutation: You are partially covered in yellow scales. (AC +2) [mutagenic meat]
  5832 | D:10     | Reached * piety under Makhleb
  5861 | D:9      | Reached skill level 15 in Axes
  5966 | D:8      | Noticed Erica
  5970 | D:8      | Reached skill level 1 in Armour
  5970 | D:8      | Reached XP level 10. HP: 55/72 MP: 5/5
  5989 | D:8      | Killed Erica
  6112 | D:7      | Reached ** piety under Makhleb
  6377 | D:7      | Found a runed door.
  6381 | D:7      | Noticed Crazy Yiuf
  6387 | D:7      | Killed Crazy Yiuf
  6646 | D:7      | Noticed Pikel
  6669 | D:7      | Killed Pikel
  6747 | D:7      | Noticed Joseph
  6751 | D:7      | Reached skill level 5 in Armour
  6762 | D:7      | Killed Joseph
  7079 | D:8      | Reached skill level 5 in Fighting
  7594 | D:5      | Bought an ancient battleaxe for 345 gold pieces
  7595 | D:5      | Identified the cursed +2 battleaxe "Impbane" {vamp, Int+4 Dex+3 SInv} (You bought it in a shop on level 5 of the Dungeon)
  7963 | D:9      | Reached *** piety under Makhleb
  8117 | D:9      | Noticed a two-headed ogre
  8128 | D:9      | Killed a two-headed ogre
  8143 | D:9      | Reached XP level 11. HP: 87/87 MP: 6/6
  8166 | D:9      | Gained mutation: You have a beak for a mouth. [mutagenic meat]
  8167 | D:9      | Gained mutation: Your magical capacity is low. (-10% MP) [mutagenic meat]
  8169 | D:9      | Gained mutation: You passively map a large area around you. [mutagenic meat]
  8170 | D:9      | Gained mutation: You are mostly covered in yellow scales. (AC +3) [mutagenic meat]
  8171 | D:9      | Lost mutation: You are frail. (-10% HP) [mutagenic meat]
  8223 | D:9      | Noticed a red ugly thing
  8229 | D:9      | Killed a red ugly thing
  8233 | D:9      | Gained mutation: Armour fits poorly on your strangely shaped body. [mutagenic meat]
  8234 | D:9      | Gained mutation: You are agile. (Dex +2) [mutagenic meat]
  8238 | D:9      | Found a staircase to the Lair.
  8279 | D:9      | Found a glowing silver altar of Zin.
  8282 | D:9      | Found a deep blue altar of Sif Muna.
  8283 | D:9      | Found a shadowy altar of Dithmenos.
  8283 | D:9      | Found a bloodstained altar of Trog.
  8283 | D:9      | Found an ancient bone altar of Kikubaaqudgha.
  8283 | D:9      | Found a snail-covered altar of Cheibriados.
  8287 | D:9      | Found a radiant altar of Vehumet.
  8425 | D:9      | Noticed a two-headed ogre
  8432 | D:9      | Killed a two-headed ogre
  9241 | D:11     | Noticed an orc knight
  9247 | D:11     | Noticed an orc sorcerer
  9259 | D:11     | Killed an orc knight
  9266 | D:11     | Killed an orc sorcerer
  9299 | D:11     | Reached **** piety under Makhleb
  9327 | D:11     | Found a staircase to the Orcish Mines.
  9389 | D:11     | Noticed a brown ugly thing
  9402 | D:11     | Killed a brown ugly thing
  9422 | D:11     | Found a portal to a secret trove of treasure.
  9443 | D:11     | Noticed Gastronok
  9443 | D:11     | Gained mutation: Your magical capacity is very low. (-20% MP) [evolution]
  9475 | D:11     | Killed Gastronok
  9475 | D:11     | Reached skill level 10 in Armour
  9512 | D:11     | Noticed a cyan ugly thing
  9521 | D:11     | Killed a cyan ugly thing
  9704 | D:11     | Noticed Psyche
  9714 | D:11     | Killed Psyche
  9940 | D:11     | Found Kianown's Assorted Antiques.
  9947 | D:11     | Bought a scroll labeled KUCETE ZOVOCK for 31 gold pieces
  9947 | D:11     | Bought a scroll labeled LAEGUSSESHI for 31 gold pieces
  9947 | D:11     | Bought a scroll of identify for 62 gold pieces
 10024 | D:11     | Noticed a purple ugly thing
 10037 | D:11     | Killed a purple ugly thing
 10037 | D:11     | Reached XP level 12. HP: 114/114 MP: 3/3
 10041 | D:11     | Lost mutation: Armour fits poorly on your strangely shaped body. [mutagenic meat]
 10260 | Lair:1   | Entered Level 1 of the Lair of Beasts
 10313 | Lair:1   | Got a fine ring mail
 10324 | Lair:1   | Identified the +5 ring mail "Uluv" {Dex+4} (You found it on level 1 of the Lair of Beasts)
 10705 | Lair:1   | Noticed Grum
 10719 | Lair:1   | Killed Grum
 11032 | Lair:1   | Got a faintly glowing arbalest
 11035 | Lair:1   | Identified the +8 arbalest "Kutosim" {speed, Fragile rElec Str+8} (You found it on level 1 of the Lair of Beasts)
 11127 | D:9      | Gained mutation: You are robust. (+10% HP) [evolution]
 11599 | Orc:1    | Entered Level 1 of the Orcish Mines
 11601 | Orc:1    | Noticed an orc high priest
 11632 | Orc:1    | Reached ***** piety under Makhleb
 11642 | Orc:1    | Killed an orc high priest
 11691 | Orc:1    | Noticed an orc warlord
 11727 | Orc:1    | Killed an orc warlord
 11729 | Orc:1    | HP: 5/127 [orc sorcerer/bolt of negative energy (30)]
 11731 | Orc:1    | Slain by a hellwing

Vault maps used:
D:1:      erik_arrival_cave_to_civilisation, st_stairs_11, minmay_misc_feat_room
D:2:      uniq_terence
D:3:      uniq_natasha
D:4:      old_standard_altar, portal_sewer_entry_a, serial_shops, shop,
          first_bread, small_statue_alley_b, cheibrodos_gnoll_hut, uniq_duvessa
D:5:      kennysheep_little_box, serial_shops, nicolae_shop_statue_plus, shop,
          kennysheep_mini_moat, nicolae_shop_stone, shop,
          nicolae_qazlal_style_of_elements, uniq_ijyb
D:6:      cheibrodos_quashed, demons_altar, gammafunk_temple_overflow_wave,
          lemuel_crystal_altar, temple_doors_cd, serial_glass, glass_columns_c,
          glass_columns_b, basic_altar
D:7:      grunt_ogre_cave, uniq_crazy_yiuf_cottage, uniq_pikel, uniq_joseph
D:8:      uniq_erica
D:9:      minitemple, lair_entry_dummy
D:11:     erik_orc_1, serial_shops, shop, enter_trove_0, uniq_psyche,
          uniq_gastronok
Temple:   jpeg_temple_island
Lair:1:   dpeg_stationary_puzzle, infiniplex_staircase_pool, uniq_grum
Orc:1:    portal_ice_cave_entry_pillars_1, nicolae_orc_crystal_geode
Sewer:    sewer_frog_island_02

Skill      XL: |  1  2  3  4  5  6  7  8  9 10 11 12 |
---------------+-------------------------------------+-----
Axes           | 4 5 6 7 8 10 12 15 | 15.0
Fighting       | 2 6 9 |  9.7
Armour         | 1 7 10 | 10.8
Dodging        | 4 |  4.0
Crossbows      | 6 |  6.2
Throwing       | |  1.7

Action                   |  1- 3 |  4- 6 |  7- 9 | 10-12 || total
-------------------------+-------+-------+-------+-------++-------
Melee: War axe           |   138 |   254 |   473 |    32 ||   897
       Battleaxe         |       |       |       |   537 ||   537
       Peck              |       |       |       |    79 ||    79
 Fire: Arbalest          |       |       |       |    84 ||    84
 Abil: Heal Wounds       |       |     2 |     9 |     4 ||    15
  Use: Scroll            |     3 |     1 |     4 |     5 ||    13
       Potion            |       |       |     4 |     1 ||     5
  Eat: Chunk             |     1 |     5 |    23 |    25 ||    54
       Bread ration      |       |       |       |     1 ||     1
       Royal jelly       |       |       |       |     4 ||     4
Armor: Leather armour    |     4 |       |       |       ||     4
       Chain mail        |    87 |   200 |   236 |       ||   523
       Plate armour      |       |       |    29 |   340 ||   369
       Ring mail         |       |       |       |    61 ||    61
Dodge: Dodged            |    73 |   124 |   171 |   289 ||   657
